 Dungeon Crawl Stone Soup version 0.28-a0-655-g4eb62b627b (webtiles) character file.

Game seed: 6442134871643075952

60 sanka the Abyss-Baptised (level 3, -1/31 HPs)
             Began as a Palentonga Abyssal Knight on Oct 12, 2021.
             Was an Initiate of Lugonu.
             Slain by an adder (3 damage)
             ... on level 2 of the Dungeon.
             The game lasted 00:01:36 (1424 turns).

sanka the Abyss-Baptised (PaAK)                     Turns: 1424, Time: 00:01:37

Health: -1/31      AC:  4    Str: 17    XL:     3   Next: 80%
Magic:  5/6        EV:  9    Int: 10    God:    Lugonu [......]
Gold:   49         SH:  0    Dex: 10    Spells: 2/2 levels left

rFire   . . .      SeeInvis +   b - +3 hunting sling (freeze)
rCold   . . .      Faith    .   (no shield)
rNeg    . . .      Spirit   .   i - +0 leather armour
rPois   .          Reflect  .   (no helmet)
rElec   .          Harm     .   (no cloak)
rCorr   .          Rampage  .   (no gloves)
Will    .....                   (no barding)
Stlth   +.........              (no amulet)
HPRegen 0.10/turn               (no ring)
MPRegen 0.10/turn               (no ring)

@: lethally poisoned (-1 -> -4)
A: large, rugged brown scales 3, see invisible, deformed body, roll 1, armoured
tail
a: Rolling Charge, Renounce Religion


You were on level 2 of the Dungeon.
You worshipped Lugonu.
Lugonu was noncommittal.
You visited 1 branch of the dungeon, and saw 2 of its levels.
You visited the Abyss 1 time.

You collected 49 gold pieces.


Innate Abilities, Weirdness & Mutations

You are completely covered in rugged brown scales. (AC +3, +7% HP)
You have supernaturally acute eyesight. (SInv)
Armour fits poorly on your strangely shaped body.
You can roll at nearby foes to attack.
You have a long armoured tail.


   Skills:
 - Level 3.0 Fighting
 - Level 2.0 Axes
 - Level 1.5 Armour
 - Level 0.7 Dodging
 + Level 4.5 Invocations


You had 2 spell levels left.
You didn't know any spells.
Your spell library was empty.

Inventory:

Hand Weapons
 a - a +1 hand axe
 b - a +3 hunting sling of freezing (weapon)
Missiles
 j - 12 sling bullets (quivered ammo)
Armour
 i - a +0 leather armour (worn)
Scrolls
 e - a scroll of teleportation {unknown}
 g - a scroll of identify {unknown}
 h - a scroll of vulnerability {unknown}
Potions
 c - a potion of curing {unknown}
 d - a potion of flight {unknown}
 f - a potion of haste {unknown}

Dungeon Overview and Level Annotations

Branches:
Dungeon (2/15)

Altars:

▒▒ ▒.▒▒▒
▒... ▒..▒
▒H▒ ▒S▒
▒▒▒▒▒)▒▒▒▒▒
▒.........▒
▒/?.......▒
▒......<..▒
▒.........▒
▒....(....▒
▒.........▒


You could see an adder.


Message History

The adder bites you.
* * * LOW HITPOINT WARNING * * *
You are more poisoned.
The adder poisons you! The adder closely misses you.
You shoot a sling bullet. The sling bullet misses the adder.
* * * LOW HITPOINT WARNING * * *
You feel sick. The adder bites you but does no damage.
You shoot a sling bullet.
The sling bullet closely misses the adder.
* * * LOW HITPOINT WARNING * * *
You feel sick. The adder bites you.
* * * LOW HITPOINT WARNING * * *
The adder barely misses you.
Unknown command.
You shoot a sling bullet.
The sling bullet barely misses the adder.
* * * LOW HITPOINT WARNING * * *
You feel sick. The adder barely misses you. The adder misses you.
You shoot a sling bullet.
The sling bullet barely misses the adder.
* * * LOW HITPOINT WARNING * * *
You feel sick. The adder bites you.
You die...

Action                   || total
-------------------------++-------
Melee: Hand axe          ||    56
       Tailslap          ||     3
 Fire: Hunting sling     ||    13
Invok: Depart the Abyss  ||     1
 Abil: Rolling Charge    ||    12
Armor: Leather armour    ||    19
Dodge: Dodged            ||    28

Levels and vault maps discovered:
D:1:      dpeg_arrival_chambers_temple_mockup, layout_basic,
          hellmonk_ecumenical_altar_crossroads, minmay_octomino_e4
D:2:      layout_rooms, uniq_natasha, uniq_jessica, uniq_terence

Notes
Turn   | Place    | Note
-------+----------+-------------------------------------------
     0 | Abyss:1  | sanka the Palentonga Abyssal Knight began the quest for the
                  | Orb.
     0 | Abyss:1  | Reached XP level 1. HP: 19/19 MP: 2/2
    30 | Abyss:1  | Noticed a large abomination
    32 | D:1      | Escaped the Abyss
   470 | D:1      | Reached XP level 2. HP: 15/25 MP: 4/4
   476 | D:1      | Reached skill level 3 in Invocations
   598 | D:1      | Found a faded altar of an unknown god.
  1014 | D:1      | Reached XP level 3. HP: 27/31 MP: 5/5
  1407 | D:2      | Noticed Jessica
  1416 | D:2      | Killed Jessica
  1417 | D:2      | Reached skill level 4 in Invocations
  1423 | D:2      | HP: 3/31 [poisoned by an adder]
  1424 | D:2      | Slain by an adder

Vanquished Creatures
  Jessica (D:2)
  A gnoll (D:1)
  A dart slug (D:1)
  2 ball pythons (D:1)
  A giant cockroach (D:2)
  3 goblins
  6 hobgoblins
  A quokka (D:1)
  2 kobolds (D:1)
  4 rats
22 creatures vanquished.
